 Dungeon Crawl Stone Soup version 0.29-a0-1027-gcd8c55af63 (webtiles) character file.

Game seed: 5880672891982932974

2 Conn the Firebug (level 1, -2/11 HPs)
             Began as an Octopode Fire Elementalist on Aug 13, 2022.
             Slain by a goblin
             ... wielding a +0 dagger
              (3 damage)
             ... on level 1 of the Dungeon.
             The game lasted 00:00:30 (74 turns).

Conn the Firebug (Octopode Fire Elementalist)         Turns: 74, Time: 00:00:31

Health: -2/11      AC:  1    Str:  7    XL:     1   Next: 40%
Magic:  0/3        EV: 13    Int: 17    God:
Gold:   15         SH:  0    Dex: 12    Spells: 3/4 levels left

rFire   . . .      SeeInvis .   (no weapon)
rCold   . . .      Faith    .   (no shield)
rNeg    . . .      Spirit   .   (helmet restricted)
rPois   .          Reflect  .   (no amulet)
rElec   .          Harm     .   (no ring)
rCorr   .          Rampage  .   (no ring)
Will    .....                   (no ring)
Stlth   +++.......              (no ring)
HPRegen 0.03/turn               (no ring)
MPRegen 0.08/turn               (no ring)
                                (no ring)
                                (no ring)

@: no status effects
A: almost no armour, amphibious, 8 rings, camouflage 1, gelatinous body 1,
(nimble swimmer 1), tentacles
a: no special abilities


You were on level 1 of the Dungeon.
You visited 1 branch of the dungeon, and saw 1 of its levels.

You collected 15 gold pieces.

Inventory:

Potions
 a - a potion of magic


   Skills:
 + Level 2.0 Dodging
 + Level 2.6 Stealth
 + Level 2.1 Spellcasting
 + Level 1.0 Conjurations
 + Level 3.1 Fire Magic


You had 3 spell levels left.
You knew the following spells:

 Your Spells              Type           Power      Damage    Failure   Level
a - Foxfire               Conj/Fire      32%        2x1d5     9%          1

Your spell library contained the following spells:

 Spells                   Type           Power      Damage    Failure   Level
 Scorch                   Fire           24%        2d6       9%          2
 Conjure Flame            Conj/Fire      8%         6-21      26%         3
 Inner Flame              Hex/Fire       7%         N/A       30%         3
 Ignite Poison            Fire/Tmut/Pois 5%         N/A       36%         3
 Flame Wave               Conj/Fire      8%         2d5       63%         4
 Sticky Flame             Conj/Fire      8%         2d3       63%         4


Dungeon Overview and Level Annotations

Branches:
Dungeon (1/15)

Altars:


Innate Abilities, Weirdness & Mutations

You cannot wear most types of armour.
You are amphibious.
You can wear up to eight rings at the same time.
Your skin changes colour to match your surroundings (Stealth+).
Your rubbery body absorbs attacks. (AC +1, EV +1)
((You are camouflaged when in or above water. (Stealth+)))
You have tentacles for arms and can constrict up to eight enemies at once.


Message History

Found a stone staircase leading down.
Found a hand axe.
The goblin attacks as you move away! The goblin barely misses you.
Casting: Foxfire (safe; 9% risk of failure)
Confirm with . or Enter, or press ? or * to list all spells.
You conjure some foxfire!
The foxfire hits the quokka but does no damage.
The kobold closely misses you. The goblin completely misses you.
You closely miss the goblin. Your grab misses the goblin.
The foxfire hits the kobold.
The kobold is heavily wounded.
The goblin misses you. The kobold barely misses you.
Unknown command.
You closely miss the kobold. Your grab misses the kobold.
Your squeeze misses the kobold.
The kobold is heavily wounded.
The quokka closely misses you. The kobold hits you with a +0 dagger.
The goblin hits you with a +0 dagger.
Unknown command.
The kobold hits you with a +0 dagger. The quokka attacks as you move away!
The quokka bites you but does no damage.
The kobold attacks as you move away! The kobold barely misses you.
The quokka attacks as you move away! The quokka bites you.
* * * LOW HITPOINT WARNING * * *
The kobold attacks as you move away! The kobold hits you but does no damage.
The quokka closely misses you.
A kobold comes into view. It is wielding a +0 dagger.
You barely miss the quokka. You grab the quokka.
You constrict the quokka, but do no damage.
The quokka barely misses you.
You tentacle-slap the quokka but do no damage.
You squeeze the quokka.
You kill the quokka!
The kobold shouts!
You tentacle-slap the kobold but do no damage.
Your grab misses the kobold.
The kobold is heavily wounded.
The goblin hits you with a +0 dagger.
You die...

..# .# ## ..# #.###.#!#
#.# ## . #.#.......)#.#
.. .###.#..##.#.##.# #.
....#..#.......#
###..##..#..##.# #†.#
.K.....>.#.....###..#
#..@#...........#
###Kg....?......####
#...........#.....
##################
......
.........#........##
......
#..............###.##
......##..........#.#.#
#.##
#............##.....#.#
#.##
#............##.....#.#
#.##


You could see a goblin and 2 kobolds.

Vanquished Creatures
  2 quokkas (D:1)
2 creatures vanquished.

Vanquished Creatures (others)
  6 foxfires (D:1)
6 creatures vanquished.

Grand Total: 8 creatures vanquished

Notes
Turn   | Place    | Note
-------+----------+-------------------------------------------
     0 | D:1      | Conn the Octopode Fire Elementalist began the quest for the
                  | Orb.
     0 | D:1      | Reached XP level 1. HP: 11/11 MP: 3/3
    74 | D:1      | Slain by a goblin

Illustrated notes

Levels and vault maps discovered:
D:1:      dpeg_arrival_stonehenge_8_columns, layout_basic,
          hellmonk_ecumenical_altar_pennies_from_heaven, minmay_pentomino_u4

Action                   || total
-------------------------++-------
Melee: Unarmed           ||     6
       Constrict         ||     2
       Tentacles         ||     1
 Cast: Foxfire           ||     4
Armor: Skin              ||     2
Dodge: Dodged            ||     9

Table legend: (Time is in decaauts)
 A = Elapsed time spent in this place.
 B = Non-inter-level travel time spent in this place.
 C = Inter-level travel time spent in this place.
 D = Time resting spent in this place.
 E = Time spent auto-exploring this place.
 F = Levels seen in this place.
 G = Mean time per level.
                   A        B        C        D        E       F      G
               +--------+--------+--------+--------+--------+-----+--------+
         Total |     74 |     74 |      0 |      0 |     44 |   1 |   74.0 |
       Dungeon |     74 |     74 |      0 |      0 |     44 |   1 |   74.0 |
               +--------+--------+--------+--------+--------+-----+--------+

Top non-repeatable levels by time:
     D:1: 74 daAuts
